[Event "January 9 Late 2024"]
[Site "https://www.chess.com"]
[Date "2024.01.09"]
[Round "4"]
[White "Storn, Justin"]
[Black "Piscicelli, Daniel Orlando"]
[Result "1-0"]
[Board "215"]
[TimeControl "180+1"]
[WhiteFideId "30922720"]
[BlackFideId "101958"]
[WhiteElo "2410"]
[BlackElo "2179"]
[WhiteTeam "USA"]
[BlackTeam "ARG"]
[WhiteClock "0:00:21"]
[BlackClock "0:00:00"]

1. c4 Nf6 2. Nc3 g6 3. e4 Bg7 4. d4 d6 5. h3 O-O 6. Be3 e5 7. d5 c6 8. g4 b6 9. Nge2 Ba6 10. Ng3 cxd5 11. cxd5 Bxf1 12. Kxf1 Nbd7 13. h4 Nc5 14. h5 Qd7 15. f3 Ne8 16. Qd2 f6 17. Qh2 g5 18. h6 Bh8 19. Qe2 Rb8 20. b4 Nb7 21. Kg2 Rc8 22. Nb5 a6 23. Na7 Ra8 24. Nc6 b5 25. Nf5 Kf7 26. Kg3 Nc7 27. Qh2 Nd8 28. Qh5+ Kg8 29. Nce7+ 1-0

[Event "January 9 Late 2024"]
[Site "https://www.chess.com"]
[Date "2024.01.09"]
[Round "4"]
[White "Guzman Lozano, Campo Elias"]
[Black "Poddubnyi, Viktor"]
[Result "0-1"]
[Board "216"]
[TimeControl "180+1"]
[WhiteFideId "4403746"]
[BlackFideId "4141989"]
[WhiteElo "2167"]
[BlackElo "2408"]
[WhiteTeam "COL"]
[BlackTeam "RUS"]
[WhiteClock "0:00:07"]
[BlackClock "0:00:22"]

1. d4 g6 2. e4 Bg7 3. Nf3 d6 4. h3 Nf6 5. Nc3 c6 6. a4 O-O 7. Be2 Nbd7 8. O-O e5 9. Bg5 h6 10. Be3 Qe7 11. dxe5 dxe5 12. Nd2 Nc5 13. Bf3 Rd8 14. Qc1 Ne6 15. Nc4 Nd4 16. Bxd4 exd4 17. e5 dxc3 18. exf6 Qxf6 19. bxc3 Bxh3 20. Ra3 Be6 21. Ne3 Rd7 22. a5 a6 23. Rd1 Rad8 24. Rxd7 Rxd7 25. c4 h5 26. Rd3 Bh6 27. Rxd7 Bxd7 28. Qd2 Be6 29. c5 Qa1+ 30. Kh2 Qe5+ 31. g3 Qxc5 32. Qd8+ Kg7 33. Nd1 Qxc2 34. Qd4+ Kg8 35. Nc3 Bg7 36. Qd8+ Kh7 37. Ne4 Kh6 38. Qg5+ Kh7 39. Qf4 Qc4 40. Ng5+ Kg8 41. Nxe6 Qxe6 42. Qb8+ Kh7 43. Qxb7 Qa2 44. Qxc6 Qxf2+ 45. Bg2 h4 46. gxh4 Qxh4+ 47. Kg1 Bd4+ 0-1

[Event "January 9 Late 2024"]
[Site "https://www.chess.com"]
[Date "2024.01.09"]
[Round "4"]
[White "Bueno, Alfeu Junior Varela"]
[Black "Varela La Madrid, Maria"]
[Result "0-1"]
[Board "217"]
[TimeControl "180+1"]
[WhiteFideId "2108879"]
[BlackFideId "3903346"]
[WhiteElo "2398"]
[BlackElo "2160"]
[WhiteTeam "BRA"]
[BlackTeam "VEN"]
[WhiteClock "0:00:00"]
[BlackClock "0:00:15"]

1. e4 c6 2. d4 d5 3. f3 e6 4. Nc3 Bb4 5. Bf4 Ne7 6. Ne2 O-O 7. Qd3 b6 8. O-O-O Ba6 9. Qe3 Nd7 10. a3 Bxc3 11. Nxc3 Bxf1 12. Rdxf1 a5 13. h4 b5 14. h5 b4 15. Nb1 Nb6 16. g4 Nc4 17. Qd3 Qb6 18. a4 c5 19. b3 Na3 20. dxc5 Qxc5 21. h6 g6 22. Be3 Qc7 23. Bd4 e5 24. Bb2 Nxb1 25. Kxb1 d4 26. f4 f6 27. g5 Nc6 28. gxf6 Rxf6 29. fxe5 Qxe5 30. Rxf6 Qxf6 31. e5 Qe6 32. Rf1 Rf8 33. Rxf8+ Kxf8 34. Qa6 Qd5 35. Qc8+ Kf7 36. Qc7+ Ne7 37. Qd6 Qxd6 38. exd6 Nc6 39. Kc1 Ke6 40. Kd2 Kxd6 41. Bc1 Kd5 42. Ke2 Ke4 43. Bg5 Ne5 44. Bd8 Nc6 45. Bc7 g5 46. Kf2 d3 47. cxd3+ Kxd3 48. Kg3 Kc3 49. Kg4 Kxb3 50. Kxg5 Kxa4 51. Kf6 b3 52. Kg7 b2 53. Kxh7 b1=Q+ 0-1

[Event "January 9 Late 2024"]
[Site "https://www.chess.com"]
[Date "2024.01.09"]
[Round "4"]
[White "Feliz Dotel, Dewar Bienvenido"]
[Black "Rees, Ioan"]
[Result "0-1"]
[Board "218"]
[TimeControl "180+1"]
[WhiteFideId "6402801"]
[BlackFideId "1801236"]
[WhiteElo "2158"]
[BlackElo "2394"]
[WhiteTeam "DOM"]
[BlackTeam "WLS"]
[WhiteClock "0:00:00"]
[BlackClock "0:01:51"]

1. Nf3 d5 2. g3 c6 3. Bg2 Nf6 4. O-O Bg4 5. Ne5 h5 6. h3 Bf5 7. c4 Nbd7 8. Nxd7 Qxd7 9. Qb3 dxc4 10. Qxc4 Bxh3 11. d4 h4 12. Bf4 Nd5 13. Bxd5 cxd5 14. Qc7 Bxf1 15. Qxd7+ Kxd7 16. Kxf1 hxg3 17. Bxg3 Rh1+ 18. Kg2 Rd1 19. a4 e6 20. a5 Bd6 21. a6 b6 22. f4 Rc8 23. Kf3 Rcc1 0-1

[Event "January 9 Late 2024"]
[Site "https://www.chess.com"]
[Date "2024.01.09"]
[Round "4"]
[White "Gerbelli Neto, Eduardo"]
[Black "Michalski, Olaf"]
[Result "1-0"]
[Board "219"]
[TimeControl "180+1"]
[WhiteFideId "2103281"]
[BlackFideId "1106740"]
[WhiteElo "2355"]
[BlackElo "2145"]
[WhiteTeam "BRA"]
[BlackTeam "POL"]
[WhiteClock "0:00:36"]
[BlackClock "0:00:00"]

1. e4 c5 2. Nc3 a6 3. f4 e6 4. g3 d5 5. Bg2 dxe4 6. Nxe4 Nf6 7. Nxf6+ Qxf6 8. Nf3 g6 9. O-O Nc6 10. c3 Bg7 11. d3 O-O 12. Ne5 Nxe5 13. fxe5 Qxe5 14. Bf4 Qh5 15. Bf3 Qh3 16. Bd6 Rd8 17. Bxc5 Qf5 18. d4 Qg5 19. Qe2 e5 20. dxe5 Rd2 21. Qe3 Qxe3+ 22. Bxe3 Rxb2 23. Bd4 Rb8 24. a4 Bf5 25. Rfd1 Re8 26. g4 Bc2 27. Re1 Bb3 28. Bxb7 1-0

[Event "January 9 Late 2024"]
[Site "https://www.chess.com"]
[Date "2024.01.09"]
[Round "4"]
[White "Ivanov, Aleksandr"]
[Black "Sanchez Alvares, Kelvin Antonio"]
[Result "1-0"]
[Board "220"]
[TimeControl "180+1"]
[WhiteFideId "2092980"]
[BlackFideId "3906680"]
[WhiteElo "2140"]
[BlackElo "2353"]
[WhiteTeam "USA"]
[BlackTeam "VEN"]
[WhiteClock "0:00:36"]
[BlackClock "0:00:02"]

1. d4 d5 2. c4 c6 3. cxd5 cxd5 4. Bf4 Nf6 5. e3 Nc6 6. Nc3 Bf5 7. Qb3 Na5 8. Qa4+ Bd7 9. Qc2 Rc8 10. Bd3 b5 11. Qe2 a6 12. h3 Nc4 13. Nf3 Qa5 14. Bxc4 bxc4 15. O-O e6 16. Rfc1 Bb4 17. a3 Bxc3 18. Rxc3 Ne4 19. Rcc1 O-O 20. Rc2 Ba4 21. Rcc1 Bb3 22. Ng5 Nxg5 23. Bxg5 Rb8 24. Be7 Rfc8 25. Bb4 Qb5 26. Bc3 a5 27. Re1 Rb7 28. Qd2 g6 29. Bxa5 Ba4 30. Bc3 Qb3 31. Qe2 Qc2 32. Qg4 Qf5 33. Qg3 Rcb8 34. Rac1 Bc2 35. Qg4 Qxg4 36. hxg4 Bd3 37. Red1 Ra8 38. Rd2 Kf8 39. f3 Ke7 40. Kf2 Kd7 41. Rh1 Rh8 42. Rh6 Ke7 43. g5 f6 44. gxf6+ Kxf6 45. Rd1 Kg5 46. Rdh1 Bf5 47. g4 Kf6 48. gxf5 exf5 49. Bb4 Ke6 50. Rxg6+ Kf7 51. Rgh6 Kg7 52. R6h5 Kg6 53. Rh6+ Kg7 54. R1h5 Rf7 55. Rd6 Rf6 56. Rxd5 Kg6 57. Rh2 f4 58. e4 Re8 59. Rg2+ Kf7 60. Rd7+ Ke6 61. Rd6+ Kf7 62. Rxf6+ Kxf6 63. Rh2 Kg6 64. d5 Kf6 65. Bc3+ Kg6 66. Rh4 Kg5 67. Rg4+ Kh5 68. Rxf4 Rg8 69. Rg4 Rxg4 70. fxg4+ Kxg4 71. d6 h5 72. d7 1-0

[Event "January 9 Late 2024"]
[Site "https://www.chess.com"]
[Date "2024.01.09"]
[Round "4"]
[White "Quirke, Jeffrey"]
[Black "Bernat, David"]
[Result "0-1"]
[Board "221"]
[TimeControl "180+1"]
[WhiteFideId "2013029"]
[BlackFideId "2099225"]
[WhiteElo "2135"]
[BlackElo "2342"]
[WhiteTeam "USA"]
[BlackTeam "USA"]
[WhiteClock "0:00:00"]
[BlackClock "0:00:35"]

1. e4 c5 2. c3 Nf6 3. e5 Nd5 4. Nf3 Nc6 5. Bc4 Nb6 6. Bb3 c4 7. Bc2 g6 8. O-O Bg7 9. Re1 O-O 10. Na3 d5 11. exd6 exd6 12. h3 Re8 13. Rxe8+ Qxe8 14. d4 cxd3 15. Bxd3 Ne5 16. Be2 Bf5 17. Bf4 Na4 18. Qd2 a6 19. Rd1 Rc8 20. Nd4 Bd7 21. Rc1 Nc5 22. Nac2 Ne4 23. Qe1 g5 24. Bh2 Ng6 25. Ne3 Be5 26. Bf1 Bxh2+ 27. Kxh2 Qe5+ 28. g3 Re8 29. Nf3 Qc5 30. b4 Qa7 31. Nd4 Ne5 32. Qe2 Ng6 33. Bg2 Nxc3 34. Rxc3 Qxd4 35. Rd3 Qe5 0-1

[Event "January 9 Late 2024"]
[Site "https://www.chess.com"]
[Date "2024.01.09"]
[Round "4"]
[White "Albuquerque Junior,Wellington S."]
[Black "Floresvillar Gonzalez, Luis Migu"]
[Result "1-0"]
[Board "222"]
[TimeControl "180+1"]
[WhiteFideId "2151480"]
[BlackFideId "5100542"]
[WhiteElo "2339"]
[BlackElo "2132"]
[WhiteTeam "BRA"]
[BlackTeam "MEX"]
[WhiteClock "0:00:44"]
[BlackClock "0:00:02"]

1. c4 c6 2. g3 d5 3. Nf3 Bf5 4. Bg2 Bxb1 5. Rxb1 e6 6. Qc2 Nf6 7. O-O Nbd7 8. d4 Bd6 9. b3 O-O 10. Bb2 a5 11. Rfd1 Ne4 12. Ne5 f5 13. f3 Nef6 14. e3 Qe7 15. a4 Bb4 16. Nxd7 Qxd7 17. c5 Rae8 18. Bc3 Bxc3 19. Qxc3 Qd8 20. b4 axb4 21. Rxb4 Qc7 22. Rdb1 Rb8 23. Qb3 Qa5 24. Rb6 Qa8 25. Qb4 Rf7 26. a5 h6 27. a6 Rc7 28. Rxb7 Rbxb7 29. axb7 Qb8 30. Qb6 Nd7 31. Qa6 Kh7 32. Bf1 e5 33. Bd3 e4 34. fxe4 fxe4 35. Be2 Qd8 36. Bg4 Nb8 37. Qa8 Qg5 38. Qxb8 Qxe3+ 39. Kg2 Qd2+ 40. Kh3 Rxb7 41. Qxb7 Qxd4 42. Qxc6 Qd3 43. Qe6 Qxb1 44. Bf5+ g6 45. Qxg6+ Kh8 46. Qh7# 1-0

[Event "January 9 Late 2024"]
[Site "https://www.chess.com"]
[Date "2024.01.09"]
[Round "4"]
[White "Ottosen, David"]
[Black "Joel Paul Ganta"]
[Result "1-0"]
[Board "223"]
[TimeControl "180+1"]
[WhiteFideId "2603080"]
[BlackFideId "35066145"]
[WhiteElo "2132"]
[BlackElo "2322"]
[WhiteTeam "CAN"]
[BlackTeam "IND"]
[WhiteClock "0:00:19"]
[BlackClock "0:00:00"]

1. e4 e5 2. Nf3 Nc6 3. d4 exd4 4. c3 dxc3 5. Bc4 Nf6 6. e5 d5 7. Bb3 cxb2 8. Bxb2 Bb4+ 9. Kf1 Nd7 10. e6 fxe6 11. Bxg7 Rg8 12. Bb2 Nf6 13. Nc3 Qe7 14. Qc2 Bd7 15. h3 O-O-O 16. Rc1 Rdf8 17. Nb5 a6 18. Na7+ Kb8 19. Nxc6+ Bxc6 20. Ne5 Bb5+ 21. Kg1 Bd6 22. a4 Ne4 23. f3 Bc5+ 24. Kh2 Bf2 25. axb5 Rxg2+ 26. Kxg2 Qg5+ 27. Ng4 Rxf3 28. Qxc7+ Ka8 29. Bf6 1-0

[Event "January 9 Late 2024"]
[Site "https://www.chess.com"]
[Date "2024.01.09"]
[Round "4"]
[White "Lemos, Dawton Almino"]
[Black "Van Baar, Esper"]
[Result "1-0"]
[Board "224"]
[TimeControl "180+1"]
[WhiteFideId "2146797"]
[BlackFideId "1049321"]
[WhiteElo "2308"]
[BlackElo "2101"]
[WhiteTeam "BRA"]
[BlackTeam "NED"]
[WhiteClock "0:00:24"]
[BlackClock "0:00:00"]

1. e4 c6 2. d3 d5 3. Nd2 e5 4. Ngf3 Bd6 5. g3 Nf6 6. Bg2 O-O 7. O-O Re8 8. h3 Nbd7 9. Qe2 Nf8 10. a4 a5 11. b3 Ng6 12. Bb2 Be6 13. Rad1 h6 14. Rfe1 Qd7 15. Kh2 b5 16. axb5 cxb5 17. exd5 Bxd5 18. Ne4 Bxe4 19. dxe4 Qc6 20. c4 bxc4 21. Qxc4 Qxc4 22. bxc4 Bb4 23. Rf1 a4 24. Ne1 a3 25. Ba1 Red8 26. Nd3 Bd6 27. f4 Re8 28. c5 Bc7 29. f5 Ne7 30. Nxe5 Bxe5 31. Bxe5 a2 32. Ra1 Nc6 33. Bxf6 gxf6 34. e5 Ra6 35. exf6 Nd4 36. Rf2 Nb3 37. Raxa2 Rxf6 38. Rac2 Rc8 39. c6 Nd4 40. Rc4 Nxc6 41. Rfc2 Rxf5 42. Rxc6 Rxc6 43. Rxc6 Rg5 44. Rc4 Kg7 45. Rf4 Rg6 46. h4 h5 47. Kh3 f6 48. Bf3 Kh6 49. Rf5 1-0

[Event "January 9 Late 2024"]
[Site "https://www.chess.com"]
[Date "2024.01.09"]
[Round "4"]
[White "Szalay-Ocsak, Bank"]
[Black "Sultanbek, Zeinep"]
[Result "0-1"]
[Board "225"]
[TimeControl "180+1"]
[WhiteFideId "784923"]
[BlackFideId "13710419"]
[WhiteElo "2093"]
[BlackElo "2298"]
[WhiteTeam "HUN"]
[BlackTeam "KAZ"]
[WhiteClock "0:00:00"]
[BlackClock "0:00:34"]

1. b3 e5 2. Bb2 d6 3. e3 Nf6 4. d3 g6 5. Nd2 Bg7 6. Be2 O-O 7. Ngf3 Nc6 8. a3 Qe7 9. b4 a6 10. c4 Nd7 11. b5 axb5 12. cxb5 Nd8 13. Rc1 Ne6 14. g4 b6 15. h4 Bb7 16. h5 f5 17. gxf5 gxf5 18. h6 Bf6 19. Rg1+ Kh8 20. e4 fxe4 21. Nxe4 Bxe4 22. dxe4 Ndc5 23. Bc4 Bg5 24. Bxe6 Bxc1 25. Nxe5 Bxb2 26. Qg4 Bxe5 27. Qg5 Qxg5 0-1

[Event "January 9 Late 2024"]
[Site "https://www.chess.com"]
[Date "2024.01.09"]
[Round "4"]
[White "Zhukov, Maksim"]
[Black "Diaz Garcia, Lianet"]
[Result "0-1"]
[Board "226"]
[TimeControl "180+1"]
[WhiteFideId "34181790"]
[BlackFideId "3526747"]
[WhiteElo "2291"]
[BlackElo "2067"]
[WhiteTeam "RUS"]
[BlackTeam "CUB"]
[WhiteClock "0:00:00"]
[BlackClock "0:00:25"]

1. e4 c5 2. Nf3 d6 3. Bb5+ Bd7 4. Bxd7+ Qxd7 5. c4 Nc6 6. Nc3 g6 7. d4 cxd4 8. Nxd4 Bg7 9. Be3 Nf6 10. f3 O-O 11. b3 a6 12. Rc1 Nxd4 13. Bxd4 Rab8 14. O-O b5 15. cxb5 axb5 16. Qd3 Qb7 17. a4 bxa4 18. bxa4 Nd7 19. a5 Bxd4+ 20. Qxd4 Qa6 21. Nd5 e5 22. Qd2 Nc5 23. Nf6+ Kg7 24. Qg5 Qxa5 25. Nh5+ Kg8 26. Nf6+ Kg7 27. h4 h6 28. Nh5+ Kh7 29. Nf6+ Kg7 30. Nh5+ Kh7 0-1

[Event "January 9 Late 2024"]
[Site "https://www.chess.com"]
[Date "2024.01.09"]
[Round "4"]
[White "Powell, Paul"]
[Black "Slavin, Alexey"]
[Result "0-1"]
[Board "227"]
[TimeControl "180+1"]
[WhiteFideId "2005840"]
[BlackFideId "24104388"]
[WhiteElo "2055"]
[BlackElo "2287"]
[WhiteTeam "USA"]
[BlackTeam "RUS"]
[WhiteClock "0:00:03"]
[BlackClock "0:01:34"]

1. d4 Nc6 2. Nf3 d6 3. Bf4 Bg4 4. Nbd2 e6 5. h3 Bh5 6. c3 Nf6 7. Qa4 Be7 8. e3 O-O 9. Bd3 Bg6 10. Qc2 Re8 11. O-O Bf8 12. Bxg6 hxg6 13. e4 e5 14. Bg5 Be7 15. d5 Nb8 16. Be3 Nbd7 17. b4 Rf8 18. Nh2 Nh5 19. g4 Nf4 20. Bxf4 exf4 21. f3 Ne5 22. Kg2 Bh4 23. Rfd1 g5 24. Nb3 g6 25. Rf1 Kg7 26. Kh1 Bg3 27. Qg2 Rh8 28. Nd4 Rh7 29. Ne2 Bxh2 30. Kxh2 Nc4 31. Rfc1 Ne3 32. Qf2 Rxh3+ 33. Kg1 Qh8 34. Ng3 fxg3 0-1

[Event "January 9 Late 2024"]
[Site "https://www.chess.com"]
[Date "2024.01.09"]
[Round "4"]
[White "Kostiukov, Alexandr"]
[Black "Reinecke, Katharina"]
[Result "1-0"]
[Board "228"]
[TimeControl "180+1"]
[WhiteFideId "14108100"]
[BlackFideId "12929727"]
[WhiteElo "2284"]
[BlackElo "2022"]
[WhiteTeam "UKR"]
[BlackTeam "GER"]
[WhiteClock "0:00:08"]
[BlackClock "0:00:38"]

1. g3 d5 2. Bg2 Nf6 3. d3 e6 4. e4 dxe4 5. dxe4 Qxd1+ 6. Kxd1 Be7 7. f3 O-O 8. Be3 b6 9. Nd2 Bb7 10. c3 c5 11. Kc2 Nc6 12. a4 Rfd8 13. Nh3 Nd7 14. Nf2 Ba6 15. Bf1 Bxf1 16. Rhxf1 Rac8 17. Nc4 Nde5 18. Nxe5 Nxe5 19. f4 Nc4 20. Bc1 h5 21. Nd3 Rd6 22. Ne5 Nxe5 23. fxe5 Rd7 24. a5 b5 25. a6 b4 26. h4 bxc3 27. bxc3 c4 28. Be3 Rcc7 29. Rfd1 g6 30. Rxd7 Rxd7 31. Rb1 Bd8 32. Rb7 Rd3 33. Bxa7 Rxg3 34. Rb8 Rg2+ 35. Kb1 Rd2 36. Bd4 Rd1+ 37. Kc2 Ra1 38. a7 1-0

[Event "January 9 Late 2024"]
[Site "https://www.chess.com"]
[Date "2024.01.09"]
[Round "4"]
[White "Veloso, Henrique Barbosa"]
[Black "Fareh, Youness"]
[Result "0-1"]
[Board "229"]
[TimeControl "180+1"]
[WhiteFideId "22784853"]
[BlackFideId "9000526"]
[WhiteElo "2274"]
[BlackElo "2020"]
[WhiteTeam "BRA"]
[BlackTeam "MAR"]
[WhiteClock "0:00:15"]
[BlackClock "0:01:23"]

1. d4 Nf6 2. c4 c5 3. d5 b5 4. cxb5 a6 5. Nc3 d6 6. e4 Nbd7 7. Nf3 g6 8. bxa6 Bg7 9. Bb5 O-O 10. O-O Qb6 11. a4 Nb8 12. Re1 Nxa6 13. e5 Nd7 14. e6 Ne5 15. Nxe5 Bxe5 16. exf7+ Rxf7 17. Bh6 Nb4 18. Rxe5 dxe5 19. Qe2 Qf6 20. Be8 Bf5 21. Bxf7+ Kxf7 22. Qc4 Nc2 23. Rc1 Nd4 24. Be3 Rb8 25. Ne4 Bxe4 26. Bxd4 exd4 27. Qxc5 Rxb2 28. f3 Rxg2+ 29. Kxg2 Qxf3+ 30. Kg1 Qg2# 0-1

[Event "January 9 Late 2024"]
[Site "https://www.chess.com"]
[Date "2024.01.09"]
[Round "4"]
[White "Coelho, Ramyres Santana"]
[Black "Bongo Akanga Ndjila, Barthelemy"]
[Result "1-0"]
[Board "230"]
[TimeControl "180+1"]
[WhiteFideId "2120690"]
[BlackFideId "10609431"]
[WhiteElo "2266"]
[BlackElo "2017"]
[WhiteTeam "BRA"]
[BlackTeam "GAB"]
[WhiteClock "0:01:51"]
[BlackClock "0:00:52"]

1. e4 e6 2. d4 d5 3. Nc3 Bb4 4. e5 c5 5. a3 Bxc3+ 6. bxc3 Ne7 7. Qg4 O-O 8. Nf3 Qa5 9. Bd2 Qb6 10. Bd3 Bd7 11. Bxh7+ Kxh7 12. Ng5+ Kg8 13. Qh5 Re8 14. Qxf7+ Kh8 15. h4 cxd4 16. h5 Nf5 17. h6 1-0

[Event "January 9 Late 2024"]
[Site "https://www.chess.com"]
[Date "2024.01.09"]
[Round "4"]
[White "Sami, Sama"]
[Black "Winkels, Marcel"]
[Result "1-0"]
[Board "231"]
[TimeControl "180+1"]
[WhiteFideId "4802926"]
[BlackFideId "1003887"]
[WhiteElo "2261"]
[BlackElo "1999"]
[WhiteTeam "IRQ"]
[BlackTeam "NED"]
[WhiteClock "0:01:22"]
[BlackClock "0:00:00"]

1. e4 c5 2. Nf3 d6 3. d4 cxd4 4. Nxd4 Nf6 5. Nc3 a6 6. Be3 Ng4 7. Bg5 h6 8. Bh4 g5 9. Bg3 Bg7 10. h3 Nf6 11. Qd2 O-O 12. O-O-O Nc6 13. Nf5 Bxf5 14. exf5 Qd7 15. f4 Qxf5 16. Bd3 Qd7 17. fxg5 hxg5 18. h4 Nb4 19. hxg5 Ne8 20. Bh7+ Kh8 21. Qf4 f5 22. Qh4 Bxc3 23. Bg6+ 1-0

[Event "January 9 Late 2024"]
[Site "https://www.chess.com"]
[Date "2024.01.09"]
[Round "4"]
[White "Smirnov, Timofey"]
[Black "Romero Ruscalleda, Josep"]
[Result "0-1"]
[Board "232"]
[TimeControl "180+1"]
[WhiteFideId "24176427"]
[BlackFideId "2231859"]
[WhiteElo "1988"]
[BlackElo "2258"]
[WhiteTeam "RUS"]
[BlackTeam "ESP"]
[WhiteClock "0:00:00"]
[BlackClock "0:00:36"]

1. e4 g6 2. d4 Bg7 3. Nc3 d6 4. Bf4 Nc6 5. Nf3 Bg4 6. d5 Nd4 7. Be2 Nxe2 8. Qxe2 Nf6 9. h3 Bd7 10. O-O O-O 11. e5 dxe5 12. Nxe5 Bf5 13. Rad1 a6 14. Rfe1 Re8 15. Nc4 Nd7 16. Rd2 Nc5 17. Qe3 b6 18. Ne5 Bd7 19. Bh6 Nb7 20. Bxg7 Kxg7 21. Qd4 f6 22. Ng4 Bxg4 23. Qxg4 Nd6 24. Re6 Nc4 25. Rde2 Ne5 26. Qe4 Kf7 27. f4 Nd7 28. f5 Nc5 29. Qg4 Nxe6 30. dxe6+ Kg7 31. fxg6 hxg6 32. h4 Rh8 33. g3 c5 34. Qf4 Qd4+ 35. Qxd4 cxd4 36. Nd5 Ra7 37. Nxb6 Rb8 38. Nd7 Rxb2 39. Rd2 Rxa2 40. Rxd4 Rxc2 41. Rb4 a5 42. Rb8 a4 43. Re8 a3 44. Rxe7+ Kh6 45. Rf7 a2 0-1

[Event "January 9 Late 2024"]
[Site "https://www.chess.com"]
[Date "2024.01.09"]
[Round "4"]
[White "Eggleston, Thomas A"]
[Black "Vargas, Mauricio"]
[Result "1-0"]
[Board "233"]
[TimeControl "180+1"]
[WhiteFideId "412139"]
[BlackFideId "4404572"]
[WhiteElo "2250"]
[BlackElo "1854"]
[WhiteTeam "ENG"]
[BlackTeam "COL"]
[WhiteClock "0:00:45"]
[BlackClock "0:00:00"]

1. e4 d5 2. Nc3 d4 3. Nce2 c5 4. Ng3 h5 5. h4 Bg4 6. f3 Qc7 7. Kf2 Bd7 8. Bc4 e6 9. d3 b5 10. Bb3 c4 11. N1e2 cxb3 12. cxb3 Bd6 13. Rh3 Nc6 14. Bd2 Nf6 15. Rc1 Rc8 16. b4 Qb6 17. Kg1 e5 18. Rh1 Nxb4 19. Bxb4 Bxb4 20. Rxc8+ Bxc8 21. Qb3 a5 22. Kf2 Be6 23. Qc2 O-O 24. a3 Rc8 25. Qb1 Bd2 26. Rd1 Be3+ 27. Kf1 Bb3 28. Re1 a4 29. Nf5 Qe6 30. Neg3 Bf4 31. Kg1 g6 32. Kh1 gxf5 33. Nxf5 Bc2 34. Qa1 Bxd3 35. Qd1 Bc4 36. Qc2 Kh7 37. Qf2 Rg8 38. g3 1-0

[Event "January 9 Late 2024"]
[Site "https://www.chess.com"]
[Date "2024.01.09"]
[Round "5"]
[White "Van Foreest, Jorden"]
[Black "Nakamura, Hikaru"]
[Result "1-0"]
[Board "1"]
[TimeControl "180+1"]
[WhiteFideId "1039784"]
[BlackFideId "2016192"]
[WhiteElo "3030"]
[BlackElo "3210"]
[WhiteTeam "NED"]
[BlackTeam "USA"]
[WhiteClock "0:00:06"]
[BlackClock "0:00:10"]

1. e4 c5 2. Nf3 Nc6 3. Bc4 g6 4. O-O Bg7 5. c3 Qb6 6. Qb3 e6 7. Qxb6 axb6 8. Na3 d6 9. Nb5 Ke7 10. d4 Na5 11. Be2 Bd7 12. Bg5+ f6 13. Bf4 Bxb5 14. Bxb5 e5 15. Be3 Nc6 16. dxc5 bxc5 17. Nd2 Kd7 18. Nc4 Kc7 19. Rad1 Bf8 20. a4 g5 21. b4 Nh6 22. Rd5 Be7 23. bxc5 dxc5 24. Bxc5 Bxc5 25. Rxc5 Rhd8 26. Ne3 Rd6 27. Nd5+ Kd8 28. Rb1 Nf7 29. g3 g4 30. Be2 Ng5 31. Rxb7 Nxe4 32. Rxh7 f5 33. Rh8+ Kd7 34. Nb6+ Kc7 35. Nxa8+ Kb7 36. Rb5+ Ka7 37. Rb1 Nxc3 38. Re1 Nd4 39. Kf1 Ndxe2 40. Rxe2 Nxe2 41. Kxe2 f4 42. a5 Rd5 43. Nc7 Rxa5 44. Ra8+ 1-0

[Event "January 9 Late 2024"]
[Site "https://www.chess.com"]
[Date "2024.01.09"]
[Round "5"]
[White "Dubov, Daniil"]
[Black "Xiong, Jeffery"]
[Result "1/2-1/2"]
[Board "2"]
[TimeControl "180+1"]
[WhiteFideId "24126055"]
[BlackFideId "2047640"]
[WhiteElo "3125"]
[BlackElo "3016"]
[WhiteTeam "RUS"]
[BlackTeam "USA"]
[WhiteClock "0:00:11"]
[BlackClock "0:00:39"]

1. d4 d5 2. Nf3 Nf6 3. Bf4 c5 4. e3 e6 5. Nbd2 Nbd7 6. c3 Be7 7. Bd3 Nh5 8. Be5 Nhf6 9. O-O O-O 10. h3 Nxe5 11. Nxe5 c4 12. Bc2 b5 13. Nc6 Qc7 14. Nxe7+ Qxe7 15. e4 dxe4 16. Nxe4 Bb7 17. Nxf6+ Qxf6 18. Qh5 h6 19. Rae1 Rab8 20. a3 a5 21. Be4 Bxe4 22. Rxe4 b4 23. Qxa5 bxc3 24. bxc3 Rb3 25. Re3 Qe7 26. a4 Qb7 27. Qe5 Qc6 28. Ra1 Ra8 29. Rg3 g6 30. Rf3 Rb7 31. a5 Rb5 32. Qf6 Qd7 33. a6 Rb6 34. Qf4 Kg7 35. Qe5+ Kg8 36. Qf4 Kg7 37. Qe5+ Kg8 38. Qf4 1/2-1/2

[Event "January 9 Late 2024"]
[Site "https://www.chess.com"]
[Date "2024.01.09"]
[Round "5"]
[White "Hakobyan, Aram"]
[Black "Nepomniachtchi, Ian"]
[Result "0-1"]
[Board "3"]
[TimeControl "180+1"]
[WhiteFideId "13306677"]
[BlackFideId "4168119"]
[WhiteElo "3010"]
[BlackElo "3124"]
[WhiteTeam "ARM"]
[BlackTeam "RUS"]
[WhiteClock "0:00:00"]
[BlackClock "0:00:36"]

1. e4 e5 2. Nf3 Nf6 3. Nc3 Nc6 4. Nd5 d6 5. d4 exd4 6. Nxd4 Bd7 7. Bc4 Ne5 8. Bb3 Nxd5 9. exd5 Be7 10. O-O O-O 11. h3 Bf6 12. Re1 Re8 13. c3 Ng6 14. Be3 Nh4 15. Bc2 Bxd4 16. Qxd4 Bxh3 17. Bh6 Rxe1+ 18. Rxe1 gxh6 19. Re3 Bf5 20. Ba4 Ng6 21. Re8+ Qxe8 22. Bxe8 Rxe8 23. Qxa7 Re1+ 24. Kh2 Re2 25. Qxb7 Rxf2 26. Qxc7 Be4 27. Qb8+ Kg7 28. Qxd6 Rxg2+ 29. Kh3 h5 30. c4 Rg4 31. Kh2 Rg2+ 32. Kh3 h4 33. c5 h5 34. c6 Rf2 0-1

[Event "January 9 Late 2024"]
[Site "https://www.chess.com"]
[Date "2024.01.09"]
[Round "5"]
[White "Bortnyk, Olexandr"]
[Black "Dominguez Perez, Leinier"]
[Result "0-1"]
[Board "4"]
[TimeControl "180+1"]
[WhiteFideId "14120828"]
[BlackFideId "3503240"]
[WhiteElo "3119"]
[BlackElo "2992"]
[WhiteTeam "UKR"]
[BlackTeam "USA"]
[WhiteClock "0:00:00"]
[BlackClock "0:00:07"]

1. d4 Nf6 2. Nc3 d5 3. Bf4 c5 4. e4 Nxe4 5. Nxe4 dxe4 6. dxc5 Qa5+ 7. c3 Qxc5 8. Qa4+ Nc6 9. Qxe4 g6 10. Nf3 Bg7 11. Rd1 Bf5 12. Qa4 O-O 13. Be3 Qa5 14. Bb5 Qxa4 15. Bxa4 Rfd8 16. O-O Bd3 17. Rfe1 b5 18. Rxd3 bxa4 19. Rxd8+ Rxd8 20. Bc5 e5 21. Kf1 f5 22. Ke2 e4 23. Nd2 Ne5 24. Rb1 Bh6 25. Nf1 Nd3 26. Be3 Bxe3 27. Nxe3 Nf4+ 28. Ke1 Nd3+ 29. Kf1 Kf7 30. b3 Rb8 31. Ke2 Ke6 32. Nc2 Nf4+ 33. Kf1 Ke5 34. Nb4 Rc8 35. c4 Nd3 36. Nd5 Rb8 37. h4 Kd4 38. g3 a5 39. Ne7 Kc5 40. h5 axb3 41. axb3 a4 42. hxg6 hxg6 43. Ke2 Rxb3 44. Ra1 a3 45. Kd2 Kxc4 46. Nxg6 Rb2+ 47. Ke3 a2 48. Ne7 Rxf2 49. g4 Rf3+ 50. Kd2 fxg4 51. Nc6 g3 52. Na5+ Kb4 53. Nc6+ Ka3 54. Nd4 Kb2 55. Rg1 Rf2+ 56. Ke3 a1=Q 57. Rxa1 Kxa1 58. Kxe4 g2 59. Kxd3 g1=Q 0-1

[Event "January 9 Late 2024"]
[Site "https://www.chess.com"]
[Date "2024.01.09"]
[Round "5"]
[White "Chigaev, Maksim"]
[Black "Aronian, Levon"]
[Result "0-1"]
[Board "5"]
[TimeControl "180+1"]
[WhiteFideId "4108116"]
[BlackFideId "13300474"]
[WhiteElo "2984"]
[BlackElo "3112"]
[WhiteTeam "ESP"]
[BlackTeam "USA"]
[WhiteClock "0:01:32"]
[BlackClock "0:02:18"]

1. c4 Nf6 2. g3 e6 3. Bg2 d5 4. Nf3 Be7 5. O-O O-O 6. b3 d4 7. e3 c5 8. Ne5 Nfd7 9. exd4 cxd4 10. Nd3 Nc6 11. Ba3 Re8 12. f4 e5 13. Bxc6 bxc6 14. fxe5 Bxa3 15. Nxa3 Nxe5 16. Nxe5 Rxe5 17. Qf3 Bf5 18. Qxc6 Be4 19. Qa6 Ra5 0-1